 Dungeon Crawl Stone Soup version 0.23-a0-819-g6debee6 (console) character file.

92 bli the Chopper (level 4, -1/35 HPs)
             Began as a Formicid Abyssal Knight on Jan 22, 2019.
             Was a Believer of Lugonu.
             Shot with a stone by a goblin (2 damage)
             ... on level 2 of the Dungeon.
             The game lasted 00:08:36 (1985 turns).

bli the Chopper (Formicid Abyssal Knight)           Turns: 1985, Time: 00:08:37

Health: -1/35      AC:  3    Str: 16    XL:     4   Next: 90%
Magic:  5/5        EV: 11    Int: 12    God:    Lugonu [**....]
Gold:   123        SH:  0    Dex: 11    Spells: 3/3 levels left

rFire    . . .     SeeInvis +   a - +1 hand axe
rCold    . . .     Gourm    .   (no shield)
rNeg     . . .     Faith    .   f - +0 leather armour
rPois    .         Spirit   .   (helmet unavailable)
rElec    .         Reflect  .   (no cloak)
rCorr    .         Harm     .   (no gloves)
MR       .....                  (no boots)
Stlth    +.........             (no amulet)
HPRegen  0.11/turn              (no ring)
MPRegen  0.09/turn              (no ring)

@: no status effects
A: permanent stasis, dig shafts and tunnels, four strong arms, antennae 3
a: Dig, Shaft Self, Depart the Abyss, Bend Space, Renounce Religion


You were on level 2 of the Dungeon.
You worshipped Lugonu.
Lugonu was pleased with you.
You were hungry.

You visited 1 branch of the dungeon, and saw 2 of its levels.
You visited the Abyss 1 time.

You collected 123 gold pieces.

Inventory:

Hand Weapons
 a - a +1 hand axe (weapon)
 b - a +0 arbalest
 g - a +0 mace
 q - a +0 whip
 t - a +0 hunting sling
 u - a +3 dagger of protection
Missiles
 l - 6 stones (quivered)
 o - 32 bolts
Armour
 f - a +0 leather armour (worn)
 i - a +0 scale mail
 r - a +0 ring mail
Scrolls
 d - a scroll of silence {unknown}
 e - a scroll of remove curse {unknown}
 n - 6 scrolls of identify {unknown}
 p - a scroll of teleportation {unknown}
 v - a scroll of enchant armour {unknown}
Potions
 h - 2 potions of curing {unknown}
 k - 2 potions of agility {unknown}
 m - 2 potions of flight {unknown}
 s - a potion of berserk rage {unknown}
 w - a potion of brilliance {unknown}
 x - a potion of lignification {unknown}
Comestibles
 c - 5 rations
 j - 2 chunks of flesh


   Skills:
 + Level 3.4 Fighting
 + Level 4.2 Axes
 + Level 1.0 Crossbows
 * Level 2.4 Armour
 - Level 1.0 Dodging
 - Level 2.1 Invocations


You had 3 spell levels left.
You didn't know any spells.
Your spell library was empty.

Dungeon Overview and Level Annotations

Branches:
Dungeon (2/15)

Altars:
Trog
Xom


Innate Abilities, Weirdness & Mutations

You cannot be hasted, slowed, berserked, paralysed or teleported.
You can dig through walls and to a lower floor.
Your four strong arms can wield two-handed weapons with a shield.
You have a pair of large antennae on your head. (SInv)


Message History

Aim: a worm (almost dead)
You shoot a bolt. The bolt hits the worm!!
You kill the worm!
Lugonu accepts your kill.
The goblin unwields a +0 dagger.
The goblin wields a +0 hunting sling.
The goblin shoots a stone.
The stone hits you but does no damage.
Firing (i - inventory. (/) - cycle)
o - 34 bolts (quivered)
Press: ? - help, Shift-Dir - straight line, f - goblin
Aim: a goblin, wielding a +0 hunting sling You shoot a bolt.
The bolt misses the goblin.
The goblin shoots a stone.
The stone hits you.
* * * LOW HITPOINT WARNING * * *
Firing (i - inventory. (/) - cycle)
o - 33 bolts (quivered)
Press: ? - help, Shift-Dir - straight line, f/p - goblin
Aim: a goblin, wielding a +0 hunting sling You shoot a bolt.
The bolt hits the goblin.
The goblin is almost dead.
The goblin shoots a stone.
The stone barely misses you.
a - a +1 hand axe (weapon)
The goblin shoots a stone.
The stone hits you.
You die...

#.#......)........
#.#>##..##.....###
###########.......##.....#
#(...(..((((..##.#####..##
#.#(#..####(####.# ##.#
...). #(# #.# #.# #.#.#.#
#.# #.# .# .. .. #(# #.#
## S## #g# #.. { #. #.# ##
{ # #@# #.# #.# #.# ...
#(# #.# ..# #.##.## ##
#.....


You could see a goblin.

Vanquished Creatures
  3 adders (D:2)
  An ooze (D:1)
  3 worms (D:2)
  3 dart slugs
  3 leopard geckos
  7 bats
  6 goblins
  4 hobgoblins
  2 jackals (D:2)
  2 frilled lizards (D:1)
  7 kobolds
  5 rats
46 creatures vanquished.

Notes
Turn   | Place    | Note
-------+----------+-------------------------------------------
     0 | Abyss:1  | bli the Formicid Abyssal Knight began the quest for the
                  | Orb.
     0 | Abyss:1  | Reached XP level 1. HP: 18/18 MP: 2/2
    32 | Abyss:2  | Noticed a large abomination
   102 | Abyss:4  | Noticed a raiju
   146 | Abyss:4  | Noticed a spatial maelstrom
   149 | Abyss:4  | Noticed a spatial vortex
   149 | Abyss:4  | Noticed a spatial vortex
   149 | D:1      | Escaped the Abyss
   387 | D:1      | Reached XP level 2. HP: 20/24 MP: 3/3
   417 | D:1      | HP: 1/24 [goblin/+0 dagger (3)]
   422 | D:1      | Reached * piety under Lugonu
   519 | D:1      | Reached skill level 3 in Axes
   558 | D:1      | Reached XP level 3. HP: 12/29 MP: 4/4
  1098 | D:2      | Found a bloodstained altar of Trog.
  1100 | D:2      | Found a shimmering altar of Xom.
  1148 | D:2      | Reached ** piety under Lugonu
  1156 | D:2      | Reached skill level 4 in Axes
  1156 | D:2      | Reached XP level 4. HP: 15/35 MP: 5/5
  1944 | D:2      | Reached skill level 1 in Dodging
  1967 | D:2      | Reached skill level 1 in Crossbows
  1983 | D:2      | HP: 1/35 [goblin/stone (3)]
  1985 | D:2      | Shot with a stone by a goblin

Vault maps used:
D:1:      nzn_arrival_settlement
D:2:      grunt_temple_overflow_open, lemuel_round_altar
Abyss:2:  bh_abyss_exit_choice, hangedman_abyss_monster_moat,
          serial_sigils_hangedman_gut, evilmike_abyss_exit_vortex
Abyss:3:  evilmike_abyss_exit_1
Abyss:4:  due_exit_kobolds, nicolae_abyss_rune_left_handed,
          lemuel_flamethrower_3

Skill      XL: |  1  2  3  4 |
---------------+-------------+-----
Axes           | 3 4 |  4.2
Dodging        | 1 |  1.0
Crossbows      | 1 |  1.0
Fighting       | |  3.4
Armour         | |  2.4
Invocations    | |  2.1

Action                   |  1- 3 |  4- 6 || total
-------------------------+-------+-------++-------
Melee: Hand axe          |    88 |    46 ||   134
 Fire: Arbalest          |    11 |    24 ||    35
Throw: Stone             |     2 |       ||     2
Invok: Depart the Abyss  |     1 |       ||     1
  Eat: Chunk             |       |     3 ||     3
Armor: Leather armour    |    26 |     8 ||    34
Dodge: Dodged            |    56 |    30 ||    86

Table legend:
 A = Non-vault XP
 B = Vault XP
 C = Vault XP percentage of total XP
 D = Non-vault monster count
 E = Vault monster count
 F = Vault count percentage of total count
                 A         B        C        D         E       F
            +---------+---------+-------+---------+---------+-------
      Total |     132 |       0 |   0.0 |      46 |       0 |   0.0
            +---------+---------+-------+---------+---------+-------
        D:1 |      49 |       0 |   0.0 |      25 |       0 |   0.0
        D:2 |      83 |       0 |   0.0 |      21 |       0 |   0.0
            +---------+---------+-------+---------+---------+-------
